 Dungeon Crawl Stone Soup version 0.31.0-11-ge490571c62 (webtiles) character file.

Game seed: 9371408023312820712

147 qw the Skirmisher (level 5, -2/29 HPs)
             Began as a Deep Elf Hunter on Feb 3, 2024.
             Slain by Edmund
             ... wielding a +4 heavy dire flail
              (11 damage)
             ... on level 4 of the Dungeon.
             The game lasted 00:00:10 (2383 turns).

qw the Skirmisher (Deep Elf Hunter)                 Turns: 2383, Time: 00:00:11

Health: -2/29      AC: 12    Str: 10    XL:     5   Next: 7%
Magic:  7/7        EV: 11    Int: 17    God:
Gold:   134        SH:  0    Dex: 18    Spells: 4/4 levels left

rFire   . . .        a - +1 shortbow
rCold   . . .        (shield currently unavailable)
rNeg    . . .        d - +1 ring mail
rPois   .            b - +2 helmet {Int+3}
rElec   .            e - +2 cloak
rCorr   .            (no gloves)
SInv    .            (no boots)
Will    .....        (no amulet)
Stlth   +            (no ring)
HPRegen 0.24/turn    (no ring)
MPRegen 0.10/turn

%: no passive effects
@: hasted, very quick
A: no striking features
a: no special abilities


You were on level 4 of the Dungeon.
You visited 1 branch of the dungeon, and saw 4 of its levels.

You collected 134 gold pieces.


   Skills:
 - Level 1.5 Fighting
 + Level 8.5 Ranged Weapons
 - Level 2.4 Dodging
 - Level 1.2 Stealth


You had 4 spell levels left.
You didn't know any spells.
Your spell library was empty.

Inventory:

Hand Weapons
 a - a +1 shortbow (weapon)
Armour
 b - a +2 helmet of intelligence (worn)
 d - a +1 ring mail (worn)
 e - a +2 cloak (worn)
Wands
 l - a wand of mindburst (11)
Scrolls
 c - a scroll of identify
 f - 2 scrolls of teleportation

Dungeon Overview and Level Annotations

Branches:
Dungeon (4/15)
 Temple: D:4-7

Altars:
Ashenzari

Shops:
D:1 (   D:2 :

Annotations:
D:4 Edmund


Message History

The orc wizard hits you but does no damage.
The orc hits you with a +0 whip.
You feel less confused. The orc closely misses you.
The orc wizard hits you but does no damage.
You shoot an arrow. The arrow hits the orc wizard!
You kill the orc wizard!
The orc hits you with a +0 whip.
You have reached level 5!
You shoot an arrow. The arrow hits the orc!
You kill the orc!
You start resting.
You feel less attractive to monsters.
You feel a little less mighty now.
HP restored.
Things that are here:
a +0 dagger; a +0 robe
Items here: %% ))).
c - a scroll of identify
Found 3 stones.
An orc comes into view. It is wielding a +0 trident.
You shoot an arrow. The arrow hits the orc.
The orc shouts!
The orc is severely wounded.
You hear a shout!
You shoot an arrow. The arrow hits the orc.
You kill the orc!
Edmund the Younger comes into view.
He is wielding a +4 heavy dire flail.
2380 ||| DRINKING potion of haste.
You feel yourself speed up.
You shoot an arrow. The arrow hits Edmund.
Edmund is lightly wounded.
Edmund hits you with a +4 heavy dire flail!!
Ouch! That really hurt!
You shoot an arrow. The arrow hits Edmund.
Edmund is lightly wounded.
You shoot an arrow. The arrow hits Edmund.
Edmund is moderately wounded.
Edmund hits you with a +4 heavy dire flail!
You die...
Edmund says, "I'd like to see a scythe do that!"

# #. ##.. #....
#....$##########
#.....@@.......#
#......#######.#
#..(... #.#
#...... #.###
#...... #...#
####.). #####.#
.... #))...#
...... #.###.#
##.#.####.# #.#


You could see Edmund.

Vanquished Creatures
  Jessica (D:2)
  An orc wizard (D:4)
  Robin (D:2)
  An adder (D:3)
  A ribbon worm (D:2)
  5 orcs
  5 endoplasms
  A giant cockroach (D:1)
  12 goblins
  8 hobgoblins (D:2)
  3 jackals (D:3)
  A quokka (D:1)
  4 ball pythons
  3 bats
  5 frilled lizards
  9 kobolds
  7 rats
68 creatures vanquished.

Notes
Turn   | Place    | Note
-------+----------+-------------------------------------------
     0 | D:1      | qw the Deep Elf Hunter began the quest for the Orb.
     0 | D:1      | Reached XP level 1. HP: 12/12 MP: 3/3
     0 | D:1      | 0 ||| qw: Version: 0.3-a-155-g5e7d8dd
     0 | D:1      | 0 ||| qw: Game counter: 3261
     0 | D:1      | 0 ||| qw: Melee chars always use a shield: true
     0 | D:1      | 0 ||| qw: God list: Okawaru
     0 | D:1      | 0 ||| qw: Allow faded altars: false
     0 | D:1      | 0 ||| qw: Do Orc after clearing Dungeon:15 true
     0 | D:1      | 0 ||| qw: Do second Lair branch before Depths: true
     0 | D:1      | 0 ||| qw: Lair rune preference: random
     0 | D:1      | 0 ||| qw: Goals: Normal
     0 | D:1      | 0 ||| PLANNING D:1-11
   101 | D:1      | Reached XP level 2. HP: 16/16 MP: 4/4
   103 | D:1      | Reached skill level 6 in Ranged Weapons
   171 | D:1      | Found Asablih's Antique Weapon Shoppe.
   248 | D:1      | Found a faded altar of an unknown god.
   525 | D:1      | 525 ||| UPGRADING to +0 ring mail.
   535 | D:1      | 535 ||| DROPPING +0 leather armour.
   536 | D:1      | 536 ||| READING scroll labelled NEINUIWAKH.
   536 | D:1      | 536 ||| IDENTIFYING scroll labelled NOOCEISIWK
   537 | D:1      | 537 ||| READING scroll of enchant armour.
   537 | D:1      | 537 ||| ENCHANTING +0 ring mail.
   538 | D:1      | 538 ||| READING 2 scrolls labelled OLOILAT YPLAPHAF.
   542 | D:1      | 542 ||| DROPPING scroll of butterflies.
   605 | D:2      | Found a broken altar of Ashenzari.
   816 | D:2      | Found Fifatap's Book Shoppe.
   821 | D:2      | Noticed Jessica
   823 | D:2      | Killed Jessica
   824 | D:2      | Reached skill level 7 in Ranged Weapons
   824 | D:2      | Reached XP level 3. HP: 20/20 MP: 5/5
  1052 | D:2      | Noticed Robin
  1072 | D:2      | Killed Robin
  1072 | D:2      | HP: 5/20 [goblin/+0 dagger[Robin] (2)]
  1073 | D:2      | Reached XP level 4. HP: 6/25 MP: 6/6
  1073 | D:2      | 1073 ||| READING 2 scrolls of teleportation.
  1076 | D:2      | 1076 ||| FLEEEEING.
  1077 | D:2      | 1077 ||| FLEEEEING.
  1078 | D:2      | 1078 ||| FLEEEEING.
  1079 | D:2      | 1079 ||| FLEEEEING.
  1080 | D:2      | 1080 ||| FLEEEEING.
  1081 | D:2      | 1081 ||| FLEEEEING.
  1083 | D:2      | 1083 ||| STAIRDANCE
  1151 | D:1      | 1151 ||| UPGRADING to +0 helmet.
  1156 | D:1      | 1156 ||| READING scroll of identify.
  1156 | D:1      | 1156 ||| IDENTIFYING fizzy silvery potion
  1157 | D:1      | 1157 ||| READING scroll labelled LYNTAS EDWO.
  1158 | D:1      | 1158 ||| READING scroll labelled NUBBORGH TOCWUN.
  1159 | D:1      | 1159 ||| READING scroll labelled HUQIHI ACEYC.
  1159 | D:1      | 1159 ||| ENCHANTING +0 shortbow.
  1304 | D:2      | 1304 ||| UPGRADING to +2 helmet of intelligence.
  1314 | D:2      | 1314 ||| DROPPING +0 helmet.
  1315 | D:2      | 1315 ||| READING scroll labelled MIEMMO GEUWK.
  1950 | D:3      | Reached skill level 8 in Ranged Weapons
  2214 | D:3      | 2214 ||| UPGRADING to +2 cloak.
  2219 | D:3      | 2219 ||| READING scroll labelled HOSTRE HEMIKK.
  2266 | D:4      | 2266 ||| DRINKING lumpy purple potion.
  2267 | D:4      | 2267 ||| DRINKING bubbling grey potion.
  2268 | D:4      | 2268 ||| DRINKING clear potion.
  2269 | D:4      | 2269 ||| DRINKING lumpy dark potion.
  2288 | D:4      | Reached XP level 5. HP: 12/29 MP: 7/7
  2379 | D:4      | Noticed Edmund
  2380 | D:4      | 2380 ||| DRINKING potion of haste.
  2383 | D:4      | Slain by Edmund

Levels and vault maps discovered:
D:1:      heliophobic_arrival_battle_scene, layout_basic, serial_shops,
          nicolae_shop_hallway_stairs, hellmonk_ecumenical_altar_lost_god
D:2:      layout_loops_cross, basic_altar, serial_shops, nicolae_shop_peninsula,
          minmay_box_of_dots, uniq_jessica, uniq_robin
D:3:      layout_loops_corners
D:4:      layout_basic, mainiacjoe_overflow_boulevard, uniq_edmund, uniq_grinder

Skill      XL: |  1  2  3  4 |
---------------+-------------+-----
Ranged Weapons | 7 8 |  8.5
Fighting       | |  1.5
Dodging        | |  2.4
Stealth        | |  1.2

Action                     |  1- 3 |  4- 6 || total
---------------------------+-------+-------++-------
   Fire: Shortbow          |    89 |   100 ||   189
    Use: Scroll            |     3 |     7 ||    10
         Potion            |       |     5 ||     5
 Armour: Ring mail         |    34 |    64 ||    98
  Dodge: Dodged            |    31 |    36 ||    67

Table legend:
 A = Non-vault XP
 B = Vault XP
 C = Vault XP percentage of total XP
 D = Non-vault monster count
 E = Vault monster count
 F = Vault count percentage of total count
                 A         B        C        D         E       F
            +---------+---------+-------+---------+---------+-------
      Total |     131 |      79 |  37.6 |      52 |      16 |  23.5
            +---------+---------+-------+---------+---------+-------
        D:1 |      23 |       0 |   0.0 |      15 |       0 |   0.0
        D:2 |      25 |      79 |  76.0 |      15 |      16 |  51.6
        D:3 |      38 |       0 |   0.0 |      17 |       0 |   0.0
        D:4 |      45 |       0 |   0.0 |       5 |       0 |   0.0
            +---------+---------+-------+---------+---------+-------
